 Dungeon Crawl Stone Soup version 0.28-a0-592-g6fc52098c6 (webtiles) character file.

Game seed: 10153444176945530509

1775 Johnny the Chiller (level 8, 49/70 HPs)
             Began as a Green Draconian Ice Elementalist on Oct 4, 2021.
             Got out of the dungeon alive.
             The game lasted 00:04:26 (5831 turns).

Johnny the Chiller (DrIE)                           Turns: 5831, Time: 00:04:26

Health: 49/70      AC:  7    Str: 10    XL:     8   Next: 80%
Magic:  16/16      EV: 12    Int: 17    God:
Gold:   169        SH:  0    Dex: 13    Spells: 11/18 levels left

rFire   . . .      SeeInvis .   u - +0 flail (holy)
rCold   . . .      Faith    .   (no shield)
rNeg    . . .      Spirit   .   (armour unavailable)
rPois   +          Reflect  .   (helmet restricted)
rElec   .          Harm     .   d - +0 cloak
rCorr   .          Rampage  .   (no gloves)
Will    .....                   (no boots)
Stlth   ++........              (no amulet)
HPRegen 0.21/turn               (no ring)
MPRegen 0.15/turn               (no ring)

@: no status effects
A: breathe noxious fumes, AC +6, unfitting armour, poison resistance,
cold-blooded
a: Breathe Noxious Fumes


You escaped.
You visited 1 branch of the dungeon, and saw 5 of its levels.

You collected 169 gold pieces.

Inventory:

Hand Weapons
 e - a +0 short sword
 u - a +0 flail of holy wrath (weapon)
Missiles
 x - a throwing net
Armour
 d - a +0 cloak (worn)
 n - a +0 buckler
Jewellery
 h - a ring of flight
 l - an amulet of guardian spirit
 t - a ring of magical power
Wands
 q - a wand of paralysis (5)
 s - a wand of flame (17)
Scrolls
 c - 4 scrolls of identify {unknown}
 f - a scroll of teleportation {unknown}
 i - a scroll of blinking {unknown}
 j - 2 scrolls of magic mapping {unknown}
 p - a scroll of fear {unknown}
 r - 3 scrolls of noise {unknown}
 v - a scroll of brand weapon {unknown}
 w - a scroll of acquirement {unknown}
Potions
 a - 2 potions of haste {unknown}
 b - a potion of resistance {unknown}
 g - a potion of might {unknown}
 k - 2 potions of curing {unknown}
 m - 2 potions of attraction {unknown}
 o - a potion of flight {unknown}


   Skills:
 + Level 6.2 Fighting
 - Level 1.7 Dodging
 - Level 1.7 Stealth
 + Level 5.1 Shields
 + Level 5.6 Spellcasting
 + Level 7.0 Ice Magic


You had 11 spell levels left.
You knew the following spells:

 Your Spells              Type           Power      Damage    Failure   Level
a - Freeze                Ice            100%       1d11      1%          1
b - Frozen Ramparts       Ice            56%        1d7       2%          3
c - Ozocubu's Armour      Ice            28%        N/A       2%          3

Your spell library contained the following spells:

 Spells                   Type           Power      Damage    Failure   Level
 Magic Dart               Conj           16%        1d3       14%         1
 Corpse Rot               Necr/Air       N/A        N/A       21%         2
 Poisonous Vapours        Pois/Air       8%         N/A       21%         2
 Searing Ray              Conj           8%         2d4       21%         2
 Hailstorm                Conj/Ice       16%        3d6       30%         4
 Fulminant Prism          Conj/Hex       2%         3d6       80%         4


Dungeon Overview and Level Annotations

Branches:
Dungeon (5/15)
 Temple: D:4-7

Altars:
Makhleb
Wu Jian
Yredelemnul
Zin


Innate Abilities, Weirdness & Mutations

You can breathe blasts of noxious fumes.
Your lurid green scales are hard. (AC +6)
You cannot fit into any form of body armour.
Your system is resistant to poisons. (rPois)
You are cold-blooded and may be slowed by cold attacks.


Message History

The centaur zombie hits you but does no damage.
The centaur zombie kicks you but does no damage.
You barely miss the centaur zombie. You tail-slap the centaur zombie.
The centaur zombie is almost destroyed.
The centaur zombie hits you.
* * * LOW HITPOINT WARNING * * *
The centaur zombie kicks you but does no damage.
The centaur zombie hits you but does no damage.
The centaur zombie kicks you but does no damage.
You sock the centaur zombie!
You destroy the centaur zombie!
Your icy armour cracks and falls away as you move.
You start resting.
Magic restored.
You start resting.
A wyvern skeleton comes into view.
There is a stone staircase leading up here.
You climb upwards.
There is a stone staircase leading down here.
Okay, then.
(D) Dungeon
Where to? (Enter - D:4 @ (x,y), ? - help)
Okay, then.
(D) Dungeon
Where to? (Enter - D:4 @ (x,y), ? - help)
What level of the Dungeon? (default 1, ? - help)
You see here a +0 robe.
You see here a +0 spear.
There is a stone staircase leading up here.
You climb upwards.
There is a stone staircase leading down here.
There is a stone staircase leading up here.
You climb upwards.
There is a stone staircase leading down here.
There is a stone staircase leading up here.
You climb upwards.
There is a stone staircase leading down here.
There is a staircase leading out of the dungeon here.
Are you sure you want to leave the Dungeon?
This will make you lose the game!
You have escaped!

#####
#.......#...#......#.......
####....#♣.♣#......#.####..
#....#♣.♣#......#..###..
##...#♣.♣#.....##...##..
##..#♣.♣#....###.......
####♣.♣#.#### #.#.#...
#.#♣.♣#.# #.#.#...
#.#♣.♣#.# #......#
##.#♣@♣#.# #.#....#
#..#♣.♣#.# #.##...#
######.##♣.♣#.# #†##...#
#.......#♣.♣### #.##.#.#
#.......#♣.♣ #.##.#.#
#.......#♣.♣ #..#.#..
#.......#♣.♣ #....###
#.......#♣.♣# #...#...
#.......#...########...#...


There were no monsters in sight!

Vanquished Creatures
  Pikel (D:5)
  A wyvern (D:5)
  Edmund (D:4)
  A phantom (D:4)
  2 lemures (D:5)
  A bullfrog (D:5)
  2 water moccasin zombies (D:5)
  A wyvern skeleton (D:5)
  A water moccasin skeleton (D:5)
  2 centaur zombies (D:5)
  3 bullfrog zombies (D:5)
  2 hounds (D:5)
  A bullfrog skeleton (D:4)
  2 centaur skeletons (D:5)
  2 jellies (D:4)
  A gnoll shaman (D:5)
  A scorpion zombie (D:5)
  2 iguanas
  3 hound zombies
  2 hound skeletons
  3 gnolls (D:5)
  8 adders
  A shadow imp (D:3)
  A white imp (D:5)
  2 adder zombies
  2 worms
  2 orcs (D:3)
  9 ball pythons
  7 endoplasms
  3 giant cockroaches
  4 goblins
  5 hobgoblins
  4 kobolds
  5 quokkas
  3 bats
  2 frilled lizards (D:3)
  4 rats
97 creatures vanquished.

Vanquished Creatures (others)
  6 withered plants (D:5)
6 creatures vanquished.

Grand Total: 103 creatures vanquished

Notes
Turn   | Place    | Note
-------+----------+-------------------------------------------
     0 | D:1      | Johnny the Draconian Ice Elementalist began the quest for
                  | the Orb.
     0 | D:1      | Reached XP level 1. HP: 14/14 MP: 3/3
   350 | D:1      | Reached XP level 2. HP: 12/22 MP: 0/5
   353 | D:1      | Reached skill level 1 in Fighting
   965 | D:2      | Reached XP level 3. HP: 22/28 MP: 2/6
  1347 | D:2      | Found a faded altar of an unknown god.
  1517 | D:2      | Found a glowing silver altar of Zin.
  2166 | D:3      | Reached XP level 4. HP: 24/36 MP: 6/8
  2961 | D:3      | Reached skill level 1 in Shields
  3012 | D:3      | Found a basalt altar of Yredelemnul.
  3292 | D:4      | Noticed Edmund
  3353 | D:3      | Learned a level 3 spell: Frozen Ramparts
  3357 | D:3      | Learned a level 3 spell: Ozocubu's Armour
  3651 | D:4      | Found a burning altar of Makhleb.
  3667 | D:4      | Reached XP level 5. HP: 42/42 MP: 9/9
  3688 | D:4      | Killed Edmund
  3689 | D:4      | Reached skill level 5 in Ice Magic
  3946 | D:4      | Reached XP level 6. HP: 28/51 MP: 11/11
  4768 | D:4      | Found an ornate altar of the Wu Jian Council.
  4871 | D:5      | Entered Level 5 of the Dungeon
  5011 | D:5      | Your scales start taking on a lurid green colour.
  5011 | D:5      | Reached XP level 7. HP: 42/59 MP: 5/13
  5011 | D:5      | Gained mutation: Your system is resistant to poisons.
                  | (rPois) [Green Draconian growth]
  5083 | D:5      | Noticed Pikel
  5275 | D:5      | Killed Pikel
  5276 | D:5      | Reached skill level 5 in Fighting
  5276 | D:5      | Reached skill level 5 in Spellcasting
  5276 | D:5      | Reached skill level 6 in Ice Magic
  5276 | D:5      | Reached XP level 8. HP: 29/69 MP: 6/15
  5615 | D:5      | Reached skill level 5 in Shields
  5615 | D:5      | Reached skill level 7 in Ice Magic
  5831 | D:$      | Got out of the dungeon alive.

Illustrated notes

Levels and vault maps discovered:
D:1:      eino_arrival_tree_alley, layout_rooms
D:2:      layout_basic, basic_altar, basic_ecumenical_altar
D:3:      layout_basic, lemuel_zombie_altar_yredelemnul,
          grunt_decor_mini_mirrors
D:4:      layout_basic, mainiacjoe_overflow_24_doors, nzn_wu_jian_council_hall,
          uniq_edmund
D:5:      layout_rooms, grunt_qazlal_clouds, eat_drink_and_be_merry_uskayaw,
          serial_undead, serial_undead_e, serial_undead_d, serial_undead_a,
          serial_undead_b, serial_undead_b, serial_undead_c, serial_undead_f,
          serial_undead_d, serial_undead_d, serial_undead_c, uniq_pikel,
          uniq_ijyb

Skill      XL: |  1  2  3  4  5  6  7  8 |
---------------+-------------------------+-----
Fighting       | 1 2 3 4 5 6 |  6.2
Spellcasting   | 3 4 5 |  5.6
Shields        | 1 2 4 5 |  5.1
Ice Magic      | 5 6 7 |  7.0
Dodging        | |  1.7
Stealth        | |  1.7

Action                   |  1- 3 |  4- 6 |  7- 9 || total
-------------------------+-------+-------+-------++-------
Melee: Unarmed           |    23 |       |       ||    23
       Tailslap          |     9 |    13 |    12 ||    34
       Short sword       |    75 |    58 |       ||   133
       Flail             |       |    69 |    83 ||   152
 Cast: Freeze            |    20 |    29 |    17 ||    66
       Frozen Ramparts   |       |     3 |     3 ||     6
       Ozocubu's Armour  |       |     1 |     1 ||     2
 Abil: Breathe Noxious F |       |       |     1 ||     1
 Stab: Sleeping          |     4 |     6 |       ||    10
Armor: Skin              |    37 |    53 |    89 ||   179
Dodge: Dodged            |    73 |   108 |   116 ||   297

Table legend: (Time is in decaauts)
 A = Elapsed time spent in this place.
 B = Non-inter-level travel time spent in this place.
 C = Inter-level travel time spent in this place.
 D = Time resting spent in this place.
 E = Time spent auto-exploring this place.
 F = Levels seen in this place.
 G = Mean time per level.
                   A        B        C        D        E       F      G
               +--------+--------+--------+--------+--------+-----+--------+
         Total |   5912 |   5667 |    245 |    692 |   4030 |   5 | 1182.4 |
       Dungeon |   5912 |   5667 |    245 |    692 |   4030 |   5 | 1182.4 |
               +--------+--------+--------+--------+--------+-----+--------+

Top non-repeatable levels by time:
     D:4: 1797 daAuts
     D:3: 1308 daAuts
     D:2: 1225 daAuts
     D:1: 846 daAuts
     D:5: 734 daAuts
